[Event "Titled Tuesday Blitz May 9 Early 2023"]
[White "Guerra Tulcan, Lenin"]
[Black "Fernandez Garcia, Gumersindo"]
[WhiteFideId "3601382"]
[BlackFideId "24516740"]
[WhiteElo "2368"]
[BlackElo "2093"]
[Result "0-1"]
[Round "11"]
[TimeControl "180+2"]
[Date "2023.05.09"]
[WhiteClock "0:00:16"]
[BlackClock "0:00:13"]

1. e4 c5 2. Nf3 e6 3. d4 cxd4 4. Nxd4 Nc6 5. Nc3 Nf6 6. Ndb5 Bb4 7. a3 Bxc3+ 8. Nxc3 d5 9. exd5 exd5 10. Bd3 O-O 11. O-O Bg4 12. f3 Bh5 13. Kh1 Re8 14. Bg5 Qd6 15. Bxf6 Qxf6 16. Nxd5 Qd6 17. Nc3 Rad8 18. Ne4 Qd4 19. Ng3 Bg6 20. Bxg6 hxg6 21. Qxd4 Rxd4 22. Rad1 Red8 23. Rxd4 Rxd4 24. Kg1 Rd2 25. Rf2 Rd1+ 26. Nf1 Rb1 27. b4 Nd4 28. Rd2 Nb5 29. Rd8+ Kh7 30. Rd7 Nxa3 31. Rxb7 Nxc2 32. Kf2 Rxb4 33. Rxf7 a5 34. Ra7 Ra4 35. Nd2 Ra2 36. Ne4 Nd4+ 37. Kg3 Nf5+ 38. Kf4 Rxg2 39. Ng5+ Kh6 40. Ra8 Kh5 41. Rh8+ Nh6 42. Ne6 g5+ 43. Ke3 Kg6 44. f4 Rxh2 45. Ra8 Ra2 46. fxg5 Nf7 47. Ra6 Nxg5 48. Nf4+ Kf5 49. Nd3 Ne6 50. Nc1 Ra3+ 51. Kd2 g5 52. Ne2 g4 53. Nc3 g3 54. Ne2 g2 55. Ke1 Ra1+ 56. Kf2 Ra2 57. Rxa5+ Rxa5 58. Kxg2 Nf4+ 59. Kf3 Nxe2 60. Kxe2 Ke4 0-1


[Site "https://www.chess.com"]

[Event "Titled Tuesday Blitz May 9 Early 2023"]
[White "KorolDimitriy75"]
[Black "Danielyan, Vahe"]
[BlackFideId "13304828"]
[WhiteElo "2452"]
[BlackElo "2423"]
[Result "1-0"]
[Round "11"]
[TimeControl "180+2"]
[Date "2023.05.09"]
[WhiteClock "0:03:01"]
[BlackClock "0:01:55"]

1. d4 Nf6 2. c4 e6 3. Nc3 Bb4 4. Qc2 O-O 5. e4 d5 6. cxd5 exd5 7. e5 Ne4 8. Bd3 c5 9. Ne2 cxd4 10. Nxd4 Nc6 11. Nxc6 bxc6 12. O-O Bf5 13. Nxe4 dxe4 14. Bxe4 Bxe4 15. Qxe4 Qd5 16. Qxb4 1-0


[Site "https://www.chess.com"]

[Event "Titled Tuesday Blitz May 9 Early 2023"]
[White "Frolyanov, Dmitry"]
[Black "Avazkhonov, Alikhon"]
[WhiteFideId "4151976"]
[BlackFideId "14208504"]
[WhiteElo "2395"]
[BlackElo "1739"]
[Result "1-0"]
[Round "11"]
[TimeControl "180+2"]
[Date "2023.05.09"]
[WhiteClock "0:00:38"]
[BlackClock "0:00:00"]

1. d4 Nf6 2. c4 e6 3. Nc3 Bb4 4. e3 b6 5. Nf3 Bb7 6. Bd2 O-O 7. Bd3 d5 8. O-O a6 9. Rc1 Bd6 10. Ne5 Bxe5 11. dxe5 Nfd7 12. cxd5 exd5 13. f4 Nc5 14. Bb1 d4 15. exd4 Qxd4+ 16. Kh1 Nd3 17. Qc2 Rd8 18. Be1 Nc6 19. Rd1 Ncb4 20. Qe2 Nxf4 21. Rxd4 Nxe2 22. Nxe2 Rxd4 23. Nxd4 c5 24. Nf5 Rd8 25. Nd6 Bd5 26. a3 Nc6 27. Bg3 Nd4 28. Re1 1-0


[Site "https://www.chess.com"]

[Event "Titled Tuesday Blitz May 9 Early 2023"]
[White "Garakov, Mikhael"]
[Black "Lehtosaari, Mauri"]
[WhiteFideId "4169034"]
[BlackFideId "501999"]
[WhiteElo "2347"]
[BlackElo "2519"]
[Result "1-0"]
[Round "11"]
[TimeControl "180+2"]
[Date "2023.05.09"]
[WhiteClock "0:00:20"]
[BlackClock "0:00:00"]

1. e4 d5 2. exd5 Qxd5 3. Nc3 Qd8 4. d4 Nf6 5. Nf3 Bg4 6. h3 Bxf3 7. Qxf3 c6 8. Be3 e6 9. Bd3 Nbd7 10. g4 Bb4 11. g5 Nd5 12. Bd2 Nxc3 13. bxc3 Bd6 14. c4 Qe7 15. Rb1 Rb8 16. h4 e5 17. O-O O-O 18. Rfe1 f5 19. gxf6 Rxf6 20. Qh5 g6 21. Qg4 Qf7 22. c5 Bc7 23. dxe5 Re6 24. Bc4 Rbe8 25. Rxb7 Bxe5 26. Bc3 Bh2+ 27. Kg2 1-0


[Site "https://www.chess.com"]

[Event "Titled Tuesday Blitz May 9 Early 2023"]
[White "Redzisz, Michal"]
[Black "Horak, Martin"]
[WhiteFideId "21816107"]
[BlackFideId "367095"]
[WhiteElo "2175"]
[BlackElo "2091"]
[Result "0-1"]
[Round "11"]
[TimeControl "180+2"]
[Date "2023.05.09"]
[WhiteClock "0:00:36"]
[BlackClock "0:00:52"]

1. e4 c5 2. Nf3 Nc6 3. d4 cxd4 4. Nxd4 Nf6 5. Nc3 e5 6. Ndb5 d6 7. Nd5 Nxd5 8. exd5 Nb8 9. c4 Be7 10. c5 O-O 11. cxd6 Bxd6 12. Nxd6 Qxd6 13. Be2 Rd8 14. Bg5 f6 15. Be3 b6 16. Qb3 Ba6 17. Bxa6 Nxa6 18. Rd1 Qb4+ 19. Qc3 Rac8 20. Qxb4 Nxb4 21. O-O Nxd5 22. Rc1 Nxe3 23. fxe3 Rxc1 24. Rxc1 Rd2 25. Rc8+ Kf7 26. Rc7+ Kg6 27. Rxa7 Rxb2 28. h3 h5 29. Kh2 h4 30. Ra4 Kh5 31. Rg4 g5 32. Ra4 b5 33. Ra5 Kg6 34. e4 Re2 35. Rxb5 Rxe4 36. Ra5 Re1 37. a4 Ra1 38. Ra8 Kf5 39. a5 Kf4 40. a6 f5 41. a7 e4 42. g4 hxg3+ 43. Kg2 Ra2+ 44. Kf1 Kf3 45. Rf8 Ra1# 0-1


[Site "https://www.chess.com"]

[Event "Titled Tuesday Blitz May 9 Early 2023"]
[White "Rios Escobar, Adan"]
[Black "Thorhallsson, Simon"]
[WhiteFideId "3403645"]
[BlackFideId "2310090"]
[WhiteElo "2427"]
[BlackElo "2108"]
[Result "1-0"]
[Round "11"]
[TimeControl "180+2"]
[Date "2023.05.09"]
[WhiteClock "0:00:08"]
[BlackClock "0:00:49"]

1. d4 Nf6 2. g3 g6 3. Bg2 Bg7 4. e4 O-O 5. Ne2 d6 6. O-O e5 7. Nbc3 Nc6 8. dxe5 dxe5 9. Bg5 h6 10. Qxd8 Rxd8 11. Bxf6 Bxf6 12. Nd5 Bg7 13. Nxc7 Rd2 14. Nxa8 Rxe2 15. Rac1 h5 16. Bf3 Rd2 17. Rfd1 Nd4 18. Bg2 Bh6 19. f4 Rxd1+ 20. Rxd1 Bg4 21. Rd2 Kg7 22. Kf2 Ne6 23. Rd7 exf4 24. Rxb7 fxg3+ 25. hxg3 Bg5 26. Nc7 Nc5 27. Rxa7 Bd8 28. b4 Nd7 29. c4 Ne5 30. Bf1 Nc6 31. Rb7 Bc8 32. Rb6 Bd7 33. Nd5 Bxb6+ 34. Nxb6 Nxb4 35. Nxd7 Nxa2 36. c5 Nb4 37. Bb5 f6 38. c6 Nxc6 39. Bxc6 Kf7 40. Nc5 Ke7 41. Nd3 Kd6 42. Be8 f5 43. Bxg6 fxe4 44. Bxe4 Ke6 45. Kf3 Kf6 46. Kf4 Kg7 47. Kg5 h4 48. Kxh4 Kh8 49. Kg5 Kg7 50. Ne5 Kh8 51. Kg6 Kg8 52. Nf7 Kf8 53. Kf6 Kg8 54. Bf5 Kf8 55. Bh7 1-0


[Site "https://www.chess.com"]

[Event "Titled Tuesday Blitz May 9 Early 2023"]
[White "Shuvalov, Evgenij"]
[Black "Rottenwohrer Suarez, Juan"]
[WhiteFideId "4187237"]
[BlackFideId "32068182"]
[WhiteElo "2080"]
[BlackElo "2174"]
[Result "1-0"]
[Round "11"]
[TimeControl "180+2"]
[Date "2023.05.09"]
[WhiteClock "0:00:50"]
[BlackClock "0:00:00"]

1. d4 Nf6 2. c4 g6 3. Nc3 Bg7 4. e4 d6 5. Nf3 O-O 6. Be2 e5 7. O-O Nc6 8. d5 Ne7 9. Ne1 Nd7 10. f3 f5 11. g4 Nf6 12. Nd3 h5 13. g5 Ne8 14. h4 c6 15. Be3 a6 16. Rc1 b5 17. Nb4 c5 18. Nc6 Nxc6 19. dxc6 b4 20. Nd5 Qa5 21. a3 bxa3 22. Ra1 Be6 23. Rxa3 Qd8 24. b4 cxb4 25. Nxb4 a5 26. Nd5 Kh7 27. Qd2 Qc8 28. Nb6 Qxc6 29. Nxa8 Qxa8 30. Rxa5 Qc6 31. Qd3 Rf7 32. Rb1 Qc7 33. Ra7 Qc8 34. Rxf7 Bxf7 35. Kg2 fxe4 36. fxe4 Nc7 37. Qxd6 Ne6 38. Rb8 1-0


[Site "https://www.chess.com"]

[Event "Titled Tuesday Blitz May 9 Early 2023"]
[White "Luberanski, Jakub"]
[Black "Zaragatski, Ilja"]
[WhiteFideId "21830509"]
[BlackFideId "4655192"]
[WhiteElo "2255"]
[BlackElo "2460"]
[Result "0-1"]
[Round "11"]
[TimeControl "180+2"]
[Date "2023.05.09"]
[WhiteClock "0:00:09"]
[BlackClock "0:00:35"]

1. e4 e6 2. d4 d5 3. Nd2 Nc6 4. c3 e5 5. Ngf3 exd4 6. exd5 Qxd5 7. Bc4 Qf5 8. O-O Be6 9. Re1 O-O-O 10. Bxe6+ fxe6 11. cxd4 Nf6 12. Qb3 Nxd4 13. Nxd4 Rxd4 14. Nf3 Rd8 15. Be3 a6 16. Nd4 Qd5 17. Qc2 Bd6 18. Rad1 Qh5 19. h3 Rhe8 20. Rc1 Nd5 21. b4 Nxe3 22. Rxe3 Qd5 23. Nb3 Qf5 24. Qc4 Qf4 25. Qe4 Qh2+ 26. Kf1 Bf4 27. Nc5 c6 28. Nxa6 Qh1+ 29. Ke2 Qxc1 30. Qxf4 Qd1# 0-1


[Site "https://www.chess.com"]

[Event "Titled Tuesday Blitz May 9 Early 2023"]
[White "Mazurkiewicz, Michal"]
[Black "Rodchenkov, Sergey D."]
[WhiteFideId "1124943"]
[BlackFideId "4168712"]
[WhiteElo "2054"]
[BlackElo "2277"]
[Result "1-0"]
[Round "11"]
[TimeControl "180+2"]
[Date "2023.05.09"]
[WhiteClock "0:00:17"]
[BlackClock "0:00:00"]

1. e4 c5 2. Nf3 d6 3. g3 Nc6 4. Bg2 g6 5. O-O Bg7 6. d3 e5 7. Nc3 Nge7 8. Nd2 O-O 9. Nc4 Be6 10. Nd5 Bxd5 11. exd5 Nb8 12. a4 Qc7 13. f4 Nd7 14. c3 f5 15. a5 b5 16. axb6 axb6 17. Rxa8 Rxa8 18. Qb3 Nc8 19. Qb5 Na7 20. Qb3 b5 21. Ne3 Rb8 22. Bd2 exf4 23. gxf4 Bh6 24. Qd1 Nc8 25. Qe1 Ncb6 26. Qh4 Bf8 27. Qg5 Na4 28. Nxf5 Qd8 29. Nh6+ Bxh6 30. Qxh6 Qf8 31. Qxf8+ Rxf8 32. Bc1 Re8 33. Bh3 Nf8 34. f5 Kg7 35. Bf4 Nxb2 36. Bxd6 Nxd3 37. f6+ Kf7 38. Be7 c4 39. d6 Nc5 40. Rd1 Ncd7 41. Rd5 Nxf6 42. Rxb5 N8d7 43. Rb7 1-0


[Site "https://www.chess.com"]

[Event "Titled Tuesday Blitz May 9 Early 2023"]
[White "Petrovic, Aleksa"]
[Black "Kohler, Aran"]
[WhiteFideId "967629"]
[BlackFideId "1002856"]
[WhiteElo "2309"]
[BlackElo "2380"]
[Result "0-1"]
[Round "11"]
[TimeControl "180+2"]
[Date "2023.05.09"]
[WhiteClock "0:00:03"]
[BlackClock "0:00:30"]

1. e4 c5 2. Nf3 d6 3. Bc4 e6 4. O-O a6 5. Re1 b5 6. Bf1 Nc6 7. c4 Rb8 8. Na3 b4 9. Nc2 e5 10. Ne3 Nf6 11. Nd5 Bg4 12. d3 Nxd5 13. exd5 Bxf3 14. Qxf3 Nd4 15. Qd1 Be7 16. Be3 Nf5 17. Qa4+ Qd7 18. Qxd7+ Kxd7 19. b3 Nxe3 20. fxe3 a5 21. a4 f5 22. e4 f4 23. Be2 Bh4 24. Bg4+ Ke7 25. Rf1 h5 26. Be6 Bf6 27. Rf3 g5 28. Raf1 g4 29. R3f2 Rbf8 30. g3 Bg5 31. Kg2 f3+ 32. Kh1 Be3 33. h4 Bxf2 34. Rxf2 Rf6 35. Bd7 Kxd7 36. Kg1 Rhf8 37. Kf1 Ke7 38. Ke1 Kf7 39. Kd1 Kg6 40. Kc1 Rf4 41. Kb1 Rxe4 42. dxe4 Rf4 43. gxf4 exf4 44. e5 g3 45. Rf1 f2 46. exd6 g2 47. d7 gxf1=Q+ 48. Kb2 Qe2+ 0-1


[Site "https://www.chess.com"]

[Event "Titled Tuesday Blitz May 9 Early 2023"]
[White "Mackster23"]
[Black "Goffredo_Fofi"]
[WhiteElo "2440"]
[BlackElo "2537"]
[Result "1-0"]
[Round "11"]
[TimeControl "180+2"]
[Date "2023.05.09"]
[WhiteClock "0:00:04"]
[BlackClock "0:00:09"]

1. e4 Nf6 2. e5 Nd5 3. d4 d6 4. c4 Nb6 5. exd6 cxd6 6. Nc3 g6 7. Bd3 Bg7 8. Nge2 O-O 9. Be3 Nc6 10. O-O e5 11. d5 Nb4 12. b3 Nxd3 13. Qxd3 f5 14. f4 e4 15. Qd2 Nd7 16. Rac1 Nc5 17. Rc2 Bd7 18. Nd4 a6 19. Rb1 g5 20. Rf1 g4 21. g3 h5 22. Rb1 h4 23. Nd1 Rf6 24. Nf2 Rh6 25. b4 Na4 26. c5 hxg3 27. hxg3 Bxd4 28. Bxd4 Bb5 29. Ba1 Kf7 30. Qd4 Rh7 31. Nd1 Bd3 32. Rbc1 Qe7 33. Ne3 Rah8 34. Qxh8 Rxh8 35. Nxf5 Qd8 36. Nxd6+ Kg8 37. Bxh8 Bxc2 38. Rxc2 Kxh8 39. Nf7+ 1-0


[Site "https://www.chess.com"]

[Event "Titled Tuesday Blitz May 9 Early 2023"]
[White "Barbot, Pierre"]
[Black "Bilan, Danila"]
[WhiteFideId "663727"]
[BlackFideId "24161918"]
[WhiteElo "2431"]
[BlackElo "2182"]
[Result "0-1"]
[Round "11"]
[TimeControl "180+2"]
[Date "2023.05.09"]
[WhiteClock "0:00:00"]
[BlackClock "0:00:06"]

1. d4 d5 2. Nc3 Nf6 3. Bf4 Bf5 4. e3 e6 5. Bd3 Bg6 6. Nf3 Bd6 7. O-O Bxf4 8. exf4 Nbd7 9. Ne5 Nxe5 10. fxe5 Nd7 11. f4 Bxd3 12. Qxd3 f5 13. exf6 Qxf6 14. Nb5 O-O 15. Nxc7 Rac8 16. Nb5 a6 17. Nc3 Rc4 18. Ne2 Rfc8 19. c3 b5 20. a3 g6 21. Rae1 a5 22. b3 R4c7 23. Qxb5 Qf5 24. Ng3 Qf6 25. Re3 Nf8 26. Qxa5 h5 27. Ne2 h4 28. b4 Qf5 29. b5 Qc2 30. b6 Rb7 31. Qb5 Rcb8 32. Qb1 Qa4 33. Rh3 Rxb6 34. Qe1 Rb2 35. Qxh4 Kf7 36. Ng3 Qc2 37. Ne2 Qxe2 38. Rg3 Rb1 39. Rf3 Rxf1+ 40. Rxf1 Qe3+ 41. Kh1 Qd3 42. Kg1 Rb1 43. Qf2 Rxf1+ 44. Qxf1 Qxc3 45. g4 Qxa3 46. f5 gxf5 47. gxf5 Qe3+ 48. Kh1 Qe4+ 49. Kg1 Qxd4+ 50. Kh1 Qe4+ 51. Kg1 Qxf5 52. Qa6 Ng6 53. Qb7+ Kf6 54. Qb2+ Ne5 55. h4 Qg4+ 56. Kf1 Qxh4 57. Qc3 Qc4+ 0-1


[Site "https://www.chess.com"]

[Event "Titled Tuesday Blitz May 9 Early 2023"]
[White "Jovic, Stanoje"]
[Black "Mike24147"]
[WhiteFideId "905020"]
[WhiteElo "2236"]
[BlackElo "2334"]
[Result "1-0"]
[Round "11"]
[TimeControl "180+2"]
[Date "2023.05.09"]
[WhiteClock "0:00:02"]
[BlackClock "0:00:00"]

1. c4 c6 2. e4 d5 3. exd5 cxd5 4. cxd5 Nf6 5. Qa4+ Nbd7 6. Bc4 g6 7. d3 Bg7 8. Nc3 O-O 9. Nf3 Nb6 10. Qb3 Nfd7 11. Be3 Nxc4 12. dxc4 b6 13. O-O Ba6 14. Nd4 Nc5 15. Qb4 Nd3 16. Qa4 Qc8 17. Nc6 Re8 18. Rab1 Nxb2 19. Rxb2 Bxc3 20. Re2 e6 21. d6 Qd7 22. Qxa6 Qxc6 23. Rd1 Red8 24. c5 Rac8 25. Rc2 Be5 26. Qxa7 Bxd6 27. Rcd2 bxc5 28. Qa3 Be7 29. Qc3 Rxd2 30. Rxd2 c4 31. Bd4 Qb5 32. g3 Bb4 33. Qc2 Bxd2 34. Qxd2 Qb1+ 35. Kg2 Qd3 36. Qf4 Rd8 37. Bf6 Qd5+ 38. Kg1 Rc8 39. Qh6 Qd1+ 40. Kg2 Qd5+ 41. f3 1-0


[Site "https://www.chess.com"]

[Event "Titled Tuesday Blitz May 9 Early 2023"]
[White "Ljukin, Sergei"]
[Black "Sarkar, Justin"]
[WhiteFideId "14102200"]
[BlackFideId "2010011"]
[WhiteElo "2312"]
[BlackElo "2168"]
[Result "0-1"]
[Round "11"]
[TimeControl "180+2"]
[Date "2023.05.09"]
[WhiteClock "0:01:15"]
[BlackClock "0:01:19"]

1. e4 e5 2. Nf3 Nc6 3. Bb5 a6 4. Ba4 d6 5. c3 Ne7 6. d4 Bd7 7. O-O Ng6 8. d5 Nb8 9. c4 Be7 10. Nc3 O-O 11. Bxd7 Nxd7 12. Be3 Nh4 13. Nxh4 Bxh4 14. g3 Bg5 15. f4 Bh6 16. Qd3 exf4 17. gxf4 f5 18. exf5 Qf6 19. Rae1 Qxf5 20. Bc1 Qxd3 0-1


[Site "https://www.chess.com"]

[Event "Titled Tuesday Blitz May 9 Early 2023"]
[White "babbilator"]
[Black "Rom, Jasper"]
[BlackFideId "2023733"]
[WhiteElo "2305"]
[BlackElo "2233"]
[Result "1-0"]
[Round "11"]
[TimeControl "180+2"]
[Date "2023.05.09"]
[WhiteClock "0:00:07"]
[BlackClock "0:00:00"]

1. e4 e6 2. Nc3 d5 3. d4 Nf6 4. e5 Nfd7 5. f4 c5 6. Nf3 Nc6 7. Be3 Be7 8. Qd2 O-O 9. Be2 a6 10. O-O b5 11. dxc5 Nxc5 12. Nd4 Bb7 13. Bf3 Na5 14. b3 Qc7 15. Nce2 Nc6 16. c3 Rac8 17. Nxc6 Bxc6 18. Nd4 Bb7 19. Rac1 Rfd8 20. Rfd1 Ne4 21. Bxe4 dxe4 22. Qf2 Ba3 23. Rc2 Bd5 24. h4 h5 25. Qg3 g6 26. f5 exf5 27. Nxf5 Be6 28. Nd6 Bg4 29. Rdd2 Bxd6 30. exd6 Qd7 31. Bf4 Rc6 32. Rf2 Rdc8 33. Be5 Qe6 34. Rf6 Qd5 35. Qf4 Qd1+ 36. Kh2 Qd5 37. Rf2 Rxc3 38. Rxf7 1-0


[Site "https://www.chess.com"]

[Event "Titled Tuesday Blitz May 9 Early 2023"]
[White "Koridze, Lile"]
[Black "Iskusnyh, Sergei"]
[WhiteFideId "13612514"]
[BlackFideId "4120027"]
[WhiteElo "2047"]
[BlackElo "2492"]
[Result "1/2-1/2"]
[Round "11"]
[TimeControl "180+2"]
[Date "2023.05.09"]
[WhiteClock "0:00:19"]
[BlackClock "0:00:15"]

1. d4 d5 2. c4 c6 3. Nf3 Nf6 4. e3 a6 5. Nbd2 Bf5 6. Be2 e6 7. O-O h6 8. h3 Nbd7 9. b3 Bd6 10. Bb2 Qb8 11. Rc1 O-O 12. a3 a5 13. Nb1 Qd8 14. Nc3 Qe7 15. c5 Bc7 16. b4 axb4 17. axb4 e5 18. dxe5 Nxe5 19. Nd4 Bd7 20. Qb3 Ne4 21. Nxe4 dxe4 22. Ra1 Qg5 23. f4 exf3 24. Nxf3 Nxf3+ 25. Rxf3 Rxa1+ 26. Bxa1 Kh8 27. Rxf7 Rxf7 28. Qxf7 Qxe3+ 29. Kf1 Qc1+ 30. Kf2 Qxa1 31. Qxd7 Qf6+ 32. Kg1 Qa1+ 33. Kf2 Qf6+ 34. Kg1 Bg3 35. Qe8+ Kh7 36. Bd3+ g6 37. Qd7+ Kh8 38. Qe8+ Kg7 39. Qd7+ Kf8 40. Qc8+ Kg7 41. Qxb7+ Qf7 42. Qxf7+ Kxf7 43. b5 cxb5 44. Bxb5 Kf6 45. Kf1 Ke5 46. Ke2 Kd4 47. Be8 g5 48. c6 Bc7 49. Kf3 1/2-1/2


[Site "https://www.chess.com"]

[Event "Titled Tuesday Blitz May 9 Early 2023"]
[White "Manukian, Artak"]
[Black "Kim, Sergey"]
[WhiteFideId "13301373"]
[BlackFideId "13700570"]
[WhiteElo "2130"]
[BlackElo "2580"]
[Result "0-1"]
[Round "11"]
[TimeControl "180+2"]
[Date "2023.05.09"]
[WhiteClock "0:00:00"]
[BlackClock "0:00:24"]

1. e4 e5 2. Nf3 Nc6 3. d4 exd4 4. Nxd4 Bc5 5. Nxc6 Qf6 6. Qf3 dxc6 7. Bc4 Qe7 8. O-O Be6 9. Bxe6 Qxe6 10. Nd2 Nf6 11. Nb3 Bb6 12. Bg5 Nd7 13. Be3 O-O 14. Bxb6 axb6 15. a3 Rfe8 16. Rfe1 Ne5 17. Qg3 Nc4 18. Qxc7 Re7 19. Qf4 Nxb2 20. Nd4 Qe5 21. Qxe5 Rxe5 22. f4 Rea5 23. e5 g6 24. g4 Nc4 25. e6 fxe6 26. Rxe6 Rxa3 27. Rxa3 Nxa3 28. Re7 c5 29. Ne6 Nxc2 30. Rg7+ Kh8 31. Rxb7 Ne3 32. h3 Nd5 33. f5 gxf5 34. gxf5 Rc8 35. Kf2 c4 36. Nd4 c3 37. Nc2 Rf8 38. Kf3 Rxf5+ 39. Ke4 Rh5 40. Rb8+ Kg7 41. Rd8 Nf6+ 42. Kd4 Rxh3 43. Rb8 h5 44. Rxb6 h4 45. Rc6 Rh2 46. Rxc3 Kg6 47. Ne3 Rd2+ 48. Ke5 Rd8 49. Kf4 Rd4+ 50. Kf3 Ra4 51. Rc4 Ra3 0-1


[Site "https://www.chess.com"]

[Event "Titled Tuesday Blitz May 9 Early 2023"]
[White "Garv Gaur"]
[Black "Fan_Of_Chucky"]
[WhiteFideId "45030839"]
[WhiteElo "2068"]
[BlackElo "2401"]
[Result "0-1"]
[Round "11"]
[TimeControl "180+2"]
[Date "2023.05.09"]
[WhiteClock "0:00:40"]
[BlackClock "0:00:33"]

1. e4 c5 2. Nf3 Nc6 3. d4 cxd4 4. Nxd4 Nf6 5. Nc3 d6 6. Be2 e5 7. Nb3 Be7 8. Be3 O-O 9. g4 Be6 10. g5 Nd7 11. h4 a5 12. a4 Rc8 13. Qd2 Nb4 14. h5 Nb6 15. Nxa5 d5 16. Bxb6 Qxb6 17. exd5 Rxc3 18. bxc3 Nxd5 19. Nc4 Qc7 20. Bd3 Nf4 21. Ne3 Rd8 22. g6 e4 23. gxh7+ Kh8 24. h6 g6 25. c4 exd3 26. Qc3+ f6 27. O-O-O Ne2+ 0-1


[Site "https://www.chess.com"]

[Event "Titled Tuesday Blitz May 9 Early 2023"]
[White "Kirillov, Dmitry"]
[Black "Brunner, Nicolas"]
[WhiteFideId "34180572"]
[BlackFideId "620246"]
[WhiteElo "2161"]
[BlackElo "2327"]
[Result "0-1"]
[Round "11"]
[TimeControl "180+2"]
[Date "2023.05.09"]
[WhiteClock "0:00:39"]
[BlackClock "0:00:05"]

1. d4 d5 2. c4 e6 3. Nc3 Be7 4. cxd5 exd5 5. Bf4 c6 6. e3 Bf5 7. Qb3 Qb6 8. Nf3 Qxb3 9. axb3 Nd7 10. h3 h6 11. Be2 Ngf6 12. Ne5 Nxe5 13. Bxe5 O-O 14. Bxf6 Bxf6 15. Kd2 Be7 16. Ra2 a6 17. Bd3 Bxd3 18. Kxd3 Bd6 19. Raa1 Rae8 20. Rhe1 f5 21. f4 g5 22. g3 Kg7 23. Re2 Kf6 24. Rf1 gxf4 25. exf4 Rxe2 26. Nxe2 Re8 27. Ng1 Rg8 28. Ne2 h5 29. h4 a5 30. Rf3 Re8 31. Re3 Re4 32. Nc3 Rxe3+ 33. Kxe3 Bb4 34. Ne2 Be1 35. Kf3 b6 36. Nc1 Bd2 37. Nd3 Bb4 38. Ke3 Bd6 39. Ne5 Bxe5 40. fxe5+ Ke6 41. Kd3 c5 42. Kc3 Kd7 43. Kd3 Ke7 44. Kc3 cxd4+ 45. Kxd4 Ke6 46. b4 axb4 47. b3 b5 48. Kc5 Kxe5 49. Kxb5 Ke4 50. Kxb4 d4 51. Kc4 d3 52. b4 d2 53. b5 d1=Q 54. b6 Qb1 55. Kc5 Kf3 0-1


[Site "https://www.chess.com"]

[Event "Titled Tuesday Blitz May 9 Early 2023"]
[White "Mohammed, Zozek Salah Mohammed"]
[Black "Moore, Nicholas"]
[WhiteFideId "4803361"]
[BlackFideId "4303709"]
[WhiteElo "2211"]
[BlackElo "2510"]
[Result "1-0"]
[Round "11"]
[TimeControl "180+2"]
[Date "2023.05.09"]
[WhiteClock "0:00:22"]
[BlackClock "0:00:03"]

1. d4 d5 2. Nf3 Nf6 3. g3 Bf5 4. Bg2 e6 5. O-O Be7 6. c4 O-O 7. Nbd2 c6 8. b3 Nbd7 9. Bb2 h6 10. Re1 Re8 11. Ne5 Nxe5 12. dxe5 Nd7 13. e4 dxe4 14. Nxe4 Bxe4 15. Bxe4 Qc7 16. Qg4 Rad8 17. Rad1 Bb4 18. Re2 Nf8 19. Rd6 g6 20. Rxd8 Rxd8 21. a3 Be7 22. h4 h5 23. Qf3 Rd1+ 24. Kg2 Qd8 25. Bc2 Rd2 26. Qe3 Rxe2 27. Qxe2 a5 28. Qd3 Qxd3 29. Bxd3 Nd7 30. f4 Bc5 31. Kf3 Kf8 32. g4 hxg4+ 33. Kxg4 Ke7 34. Kg5 Be3 35. Bc3 b6 36. b4 axb4 37. axb4 c5 38. b5 Kf8 39. Kg4 Ke7 40. Kf3 Bg1 41. Bd2 Bd4 42. Be4 Nf8 43. Bc6 f6 44. Ke4 f5+ 45. Kf3 Nd7 46. Kg3 Nb8 47. Bf3 Nd7 48. Kg2 Nf8 49. Be1 Nd7 50. h5 gxh5 51. Bh4+ Kf8 52. Bxh5 Be3 53. Kf3 Bc1 54. Bd8 Bd2 55. Bg6 Bc1 56. Bh5 Bd2 57. Bc7 Ke7 58. Bd6+ Kd8 59. Bf7 1-0


[Site "https://www.chess.com"]

[Event "Titled Tuesday Blitz May 9 Early 2023"]
[White "Sreyas Payyappat"]
[Black "Goswami, Vedant"]
[WhiteFideId "46674969"]
[BlackFideId "5003725"]
[WhiteElo "2043"]
[BlackElo "2011"]
[Result "1-0"]
[Round "11"]
[TimeControl "180+2"]
[Date "2023.05.09"]
[WhiteClock "0:00:02"]
[BlackClock "0:00:00"]

1. e4 a6 2. d4 e6 3. c4 d6 4. Nc3 g6 5. Nf3 Bg7 6. Bd3 Nc6 7. Be3 e5 8. d5 Nce7 9. c5 f5 10. cxd6 cxd6 11. Qb3 Nf6 12. Bb6 Qd7 13. Nb5 O-O 14. Nc7 Rb8 15. Ne6 fxe4 16. Nxf8 Bxf8 17. Nxe5 Qf5 18. Nc4 exd3 19. O-O Qxd5 20. Bc7 Be6 21. Bxb8 Qxc4 22. Qxc4 Bxc4 23. Bxd6 Ne4 24. Bxe7 Bxe7 25. Rfe1 Bd5 26. Re3 d2 27. Rd3 Bc6 28. a4 Bc5 29. Kf1 Bb4 30. Ke2 a5 31. b3 Nc5 32. Re3 Kf7 33. Rd1 Kf6 34. f3 Bd5 35. Rb1 Bc6 36. Rb2 Bd5 37. Kd1 Bc6 38. Rxd2 Bxd2 39. Kxd2 Bd5 40. Kc2 Be6 41. Rc3 b6 42. Re3 Kf5 43. g3 Kf6 44. h3 g5 45. g4 Bd5 46. Kb2 Ne6 47. Kc3 Bc6 48. b4 axb4+ 49. Kxb4 Nd4 50. Kc4 Nxf3 51. a5 1-0


[Site "https://www.chess.com"]

[Event "Titled Tuesday Blitz May 9 Early 2023"]
[White "Hoffmann, Asa"]
[Black "Chernomordik, Pavel"]
[WhiteFideId "2001470"]
[BlackFideId "2804530"]
[WhiteElo "2117"]
[BlackElo "2193"]
[Result "0-1"]
[Round "11"]
[TimeControl "180+2"]
[Date "2023.05.09"]
[WhiteClock "0:01:13"]
[BlackClock "0:01:31"]

1. d4 g6 2. e4 Bg7 3. Be3 c5 4. c3 Nf6 5. e5 Nd5 6. Nf3 Nxe3 7. fxe3 Bh6 8. Qd2 d6 9. exd6 Qxd6 10. Bc4 O-O 11. Na3 a6 12. O-O-O b5 13. Be2 b4 14. Nc2 bxc3 15. bxc3 Be6 16. c4 Bf5 17. Bd3 Bxd3 18. Qxd3 Nc6 19. h4 cxd4 20. Nfxd4 Ne5 21. Qc3 Rfc8 22. Na3 Qc5 23. Kd2 Qxa3 24. Qxa3 Nxc4+ 25. Kd3 Nxa3 26. h5 Kg7 27. Rh4 Nb5 28. Rg4 Rc3+ 29. Ke2 Rxe3+ 30. Kf2 Nxd4 31. Rdxd4 Ra3 0-1


[Site "https://www.chess.com"]

[Event "Titled Tuesday Blitz May 9 Early 2023"]
[White "Turzo, Attila"]
[Black "Smith, Shreyas"]
[WhiteFideId "704954"]
[BlackFideId "7400713"]
[WhiteElo "2471"]
[BlackElo "2151"]
[Result "1-0"]
[Round "11"]
[TimeControl "180+2"]
[Date "2023.05.09"]
[WhiteClock "0:00:41"]
[BlackClock "0:00:01"]

1. d4 d5 2. Bf4 c5 3. e3 Nc6 4. Nf3 cxd4 5. exd4 Bg4 6. c3 e6 7. h3 Bh5 8. Nbd2 Bd6 9. Bxd6 Qxd6 10. Bd3 Nge7 11. O-O Bg6 12. Bb5 a6 13. Bxc6+ Nxc6 14. a4 O-O 15. a5 Rfb8 16. b4 b6 17. Nb3 bxa5 18. Nxa5 Nxa5 19. Rxa5 Rb5 20. Qa1 Rxa5 21. Qxa5 Bd3 22. Ra1 Rc8 23. Qa3 Bb5 24. Re1 Qc7 25. Re3 Qc4 26. Nd2 Qc7 27. Qa1 Qf4 28. Nb3 Qf5 29. Nc5 Qc2 30. Qe1 Re8 31. h4 h6 32. g3 Ra8 33. Kg2 a5 34. bxa5 Bc4 35. Qa1 g5 36. hxg5 hxg5 37. a6 g4 38. a7 Be2 39. Nd7 Bf3+ 40. Kg1 Kg7 41. Nb6 Qh7 42. Rxf3 gxf3 43. Nxa8 Qh3 44. Qf1 Qf5 45. Nb6 1-0


[Site "https://www.chess.com"]

[Event "Titled Tuesday Blitz May 9 Early 2023"]
[White "Zampronha, Wladimir Camilo"]
[Black "Toktomushev, Teimur"]
[WhiteFideId "2103087"]
[BlackFideId "14176726"]
[WhiteElo "2176"]
[BlackElo "2116"]
[Result "0-1"]
[Round "11"]
[TimeControl "180+2"]
[Date "2023.05.09"]
[WhiteClock "0:00:45"]
[BlackClock "0:00:03"]

1. e4 c5 2. Nf3 e6 3. d4 cxd4 4. Nxd4 a6 5. Bd3 Bc5 6. Nb3 Ba7 7. Qg4 Nf6 8. Qe2 Nc6 9. O-O O-O 10. Be3 d6 11. c4 Qc7 12. Nc3 Bxe3 13. Qxe3 Ne5 14. Rac1 Nxc4 15. Bxc4 Qxc4 16. Nd5 Nxd5 17. Rxc4 Nxe3 18. fxe3 Bd7 19. Rd1 Bb5 20. Rc7 Bc6 21. Rxd6 Bxe4 22. Nc5 Bd5 23. b4 Rac8 24. Rxc8 Rxc8 25. a3 g6 26. Rd7 b6 27. Nxa6 Rc1+ 28. Kf2 Rc2+ 29. Kf1 Bc4+ 30. Ke1 Bxa6 31. a4 Rxg2 32. b5 Bxb5 33. axb5 Rb2 0-1


[Site "https://www.chess.com"]